 Dungeon Crawl Stone Soup version 0.29.1-1-gd02db6906a (webtiles) character file.

Game seed: 7651803600743984958

7688 DocClef the Thaumaturge (level 11, -1/72 HPs)
             Began as a Gnoll Fire Elementalist on Sept 16, 2022.
             Was a Follower of Hepliaklqana.
             Slain by a yak (13 damage)
             ... on level 1 of the Lair of Beasts on Sept 20, 2022.
             The game lasted 00:23:46 (10277 turns).

DocClef the Thaumaturge (Gnoll Fire Elementalist)  Turns: 10277, Time: 00:23:47

Health: -1/72      AC:  7    Str: 10    XL:     11   Next: 19%
Magic:  32/32      EV: 16    Int: 26    God:    Hepliaklqana [*.....]
Gold:   513        SH:  0    Dex: 20    Spells: 22/26 levels left

rFire   . . .      SeeInvis .   l - +10 short sword of Modesty {vorpal, Fragile rPois Int+2 Dex+7}
rCold   . . .      Faith    .   (no shield)
rNeg    + . .      Spirit   .   s - +1 leather armour of Voddeciu {rN+ rCorr MP+9 Str+2 Stlth-}
rPois   +          Reflect  .   m - +0 helmet
rElec   .          Harm     .   y - +0 cloak
rCorr   +          Rampage  .   (no gloves)
Will    .....                   (no boots)
Stlth   +++.......              v - amulet of magic regeneration
HPRegen 0.22/turn               f - ring of wizardry
MPRegen 0.63/turn               r - +6 ring of intelligence

@: no status effects
A: reduced essence, fangs 1, strong nose, distributed training
a: Renounce Religion, Recall Ancestor, Ancestor Identity


You were on level 1 of the Lair of Beasts.
You worshipped Hepliaklqana.
Hepliaklqana was aware of your devotion.
You visited 3 branches of the dungeon, and saw 11 of its levels.
You also visited: Sewer.

You collected 513 gold pieces.

Inventory:

Hand Weapons
 l - the +10 short sword of Modesty (weapon) {vorpal, Fragile rPois Int+2 Dex+7}
   (You found it on level 2 of the Dungeon)

   It inflicts extra damage upon your enemies.
   Int:       It affects your intelligence (+2).
   Dex:       It affects your dexterity (+7).
   rPois:     It protects you from poison.
   Fragile:   It will be destroyed if unequipped.
Armour
 m - a +0 helmet (worn)
 s - the +1 leather armour of Voddeciu (worn) {rN+ rCorr MP+9 Str+2 Stlth-}
   (You found it on level 4 of the Dungeon)

   Str:       It affects your strength (+2).
   rN:        It protects you from negative energy.
   MP:        It affects your magic capacity (+9).
   rCorr:     It protects you from acid and corrosion.
   Stlth:     It makes you less stealthy.
 y - a +0 cloak (worn)
Jewellery
 f - a ring of wizardry (left hand)
 r - a +6 ring of intelligence (right hand)
 t - a ring of poison resistance
 v - an amulet of magic regeneration (around neck)
 C - a ring of see invisible
 D - a ring of resist corrosion
 E - an amulet of reflection
Wands
 u - a wand of polymorph (8)
 x - a wand of quicksilver (4)
Scrolls
 c - a scroll of silence {unknown}
 g - 5 scrolls of teleportation
 n - 7 scrolls of identify
 o - 2 scrolls of poison
 p - a scroll of magic mapping
 q - a scroll of blinking
 w - a scroll of immolation
 z - 5 scrolls of fear
 A - a scroll of enchant armour {unknown}
 B - a scroll of butterflies {unknown}
Potions
 a - 2 potions of lignification {unknown}
 b - a potion of magic
 d - 4 potions of brilliance {unknown}
 e - 4 potions of ambrosia
 h - 6 potions of flight
 i - 2 potions of mutation
 j - 5 potions of curing
 k - 2 potions of heal wounds


   Skills:
 + Level 6.3 Fighting
 + Level 6.3 Short Blades
 + Level 6.3 Long Blades
 + Level 6.3 Axes
 + Level 6.3 Maces & Flails
 + Level 6.3 Polearms
 + Level 6.3 Staves
 + Level 6.3 Ranged Weapons
 + Level 6.3 Throwing
 + Level 6.3 Armour
 + Level 7.9 Dodging
 + Level 7.6 Stealth
 + Level 6.3 Shields
 + Level 6.3 Unarmed Combat
 + Level 8.1 Spellcasting
 + Level 5.7 Conjurations
 + Level 5.2 Hexes
 + Level 5.2 Summonings
 + Level 5.2 Necromancy
 + Level 5.2 Translocations
 + Level 5.2 Transmutations
 + Level 7.6 Fire Magic
 + Level 5.2 Ice Magic
 + Level 5.2 Air Magic
 + Level 5.2 Earth Magic
 + Level 5.2 Poison Magic
 + Level 6.9 Invocations
 + Level 6.3 Evocations


You had 22 spell levels left.
You knew the following spells:

 Your Spells              Type           Power      Damage    Failure   Level
a - Foxfire               Conj/Fire      100%       2x1d9     1%          1
b - Inner Flame           Hex/Fire       44%        N/A       1%          3

Your spell library contained the following spells:

 Spells                   Type           Power      Damage    Failure   Level
 Apportation              Tloc           74%        N/A       1%          1
 Necrotise                Necr           100%       1d9       1%          1
 Summon Small Mammal      Summ           100%       N/A       1%          1
 Scorch                   Fire           100%       2d10      1%          2
 Confusing Touch          Hex            37%        N/A       1%          3
 Conjure Flame            Conj/Fire      45%        6-21      1%          3
 Flame Wave               Conj/Fire      45%        2d12      1%          4
 Yara's Violent Unravell  Hex/Tmut       18%        3d9       9%          5
 Enfeeble                 Hex            18%        N/A       93%         7


Dungeon Overview and Level Annotations

Branches:
Dungeon (9/15)             Temple (1/1) D:7            Lair (1/5) D:8
  Sewer (visited)
    Orc: D:9-12

Altars:
Ashenzari
Cheibriados
Dithmenos
Elyvilon
Fedhas
Gozag
Hepliaklqana
Kikubaaqudgha
Makhleb
Nemelex Xobeh
Okawaru
Qazlal
Ru
Sif Muna
Uskayaw
Vehumet
Wu Jian
Xom
Yredelemnul
Zin
The Shining One

Annotations:
D:2 1 runed translucent door, Crazy Yiuf
D:8 2 transporters, wingedge's ghost, novice HuHW
D:9 Psyche


Innate Abilities, Weirdness & Mutations

Your life essence is reduced to manifest your ancestor. (-10% HP)
You have very sharp teeth.
Your uncanny sense of smell can sniff out nearby items.
Your experience applies equally to all skills.


Message History

You are too injured to fight recklessly!
You are too injured to fight recklessly!
You are too injured to fight recklessly!
You are too injured to fight recklessly!
You are too injured to fight recklessly!
Unknown command.
You hit the yak but do no damage. You bite the yak, but do no damage.
The yak is severely wounded.
Chitauli hits the yak.
The yak gores Chitauli!
The yak gores you. x2
You barely miss the yak.
The yak is severely wounded.
Chitauli hits the yak.
Unknown command.
You puncture the yak!
You kill the yak!
The yak closely misses you.
You hit the yak but do no damage.
The yak is moderately wounded.
Chitauli hits the yak.
The yak gores you!
* * * LOW HITPOINT WARNING * * *
The yak completely misses you.
You hit the yak. You bite the yak, but do no damage.
The yak is heavily wounded.
Chitauli hits the yak.
The yak barely misses you. The yak closely misses you.
Unknown command.
You puncture the yak!
The yak is almost dead.
Chitauli hits the yak.
The yak dies!
You hit the yak. You bite the yak, but do no damage.
The yak is lightly wounded.
The yak misses you.
You puncture the yak!
The yak is moderately wounded.
The yak gores you.
* * * LOW HITPOINT WARNING * * *
You puncture the yak!
The yak is severely wounded.
Chitauli hits the yak!
The yak gores you!
You die...

...... ....... .......
....... .......##.......
........#.......P
......^.........#
.......(........#.
.......Y..........
.......R@.........
........#.........
.......#..........
.#.######......# # #.#
#.....## .. #.# ##....#
... ##.#######....#...
.... #................#
.....###.....††........##


You could see the friendly Chitauli the ancestor and a yak (ally target).

Vanquished Creatures
  A two-headed ogre (D:7)
  Joseph (D:7)
  A komodo dragon (D:8)
  10 yaks
  2 steam dragons
  3 water moccasins
  2 black bears
  3 ice beasts
  2 orc warriors (D:7)
  A sky beast (D:6)
  An ogre (D:5)
  6 wolves (Lair:1)
  3 centaurs
  A phantom (D:7)
  2 kobold brigands
  2 bullfrogs (D:7)
  7 scorpions
  2 necrophages
  2 wights (D:6)
  3 killer bees (D:8)
  9 howler monkeys
  4 orc priests
  5 hounds
  2 jellies
  2 iguanas
  Terence (D:2)
  A gnoll bouda (D:3)
  11 orc wizards
  6 gnolls
  10 adders
  A river rat (D:3)
  A shadow imp (D:6)
  3 ufetubi (D:5)
  4 dart slugs
  7 worms
  22 orcs
  4 ball pythons
  4 endoplasms
  2 giant cockroaches
  7 goblins
  3 hobgoblins (D:3)
  7 jackals
  4 quokkas
  6 bats
  2 frilled lizards
  21 kobolds
  13 rats
217 creatures vanquished.

Vanquished Creatures (collateral kills)
  A shadow (D:8)
  A wyvern (Lair:1)
  A yak (Lair:1)
3 creatures vanquished.

Vanquished Creatures (others)
  2 ancestors
  593 foxfires
  13 plants
608 creatures vanquished.

Grand Total: 828 creatures vanquished

Notes
Turn   | Place    | Note
-------+----------+-------------------------------------------
     0 | D:1      | DocClef the Gnoll Fire Elementalist began the quest for the
                  | Orb.
     0 | D:1      | Reached XP level 1. HP: 13/13 MP: 6/6
   173 | D:1      | Reached XP level 2. HP: 15/19 MP: 2/7
   909 | D:1      | Reached skill level 5 in Spellcasting
   909 | D:1      | Reached XP level 3. HP: 25/25 MP: 4/9
  1241 | D:2      | Reached skill level 1 in Invocations
  1325 | D:2      | Identified the +10 short sword of Modesty {vorpal, Fragile
                  | rPois Int+2 Dex+7}
  1378 | D:2      | Found a runed translucent door.
  1379 | D:2      | Noticed Crazy Yiuf
  1512 | D:2      | Reached skill level 1 in Fighting
  1512 | D:2      | Reached skill level 1 in Short Blades
  1512 | D:2      | Reached skill level 1 in Long Blades
  1512 | D:2      | Reached skill level 1 in Axes
  1512 | D:2      | Reached skill level 1 in Maces & Flails
  1512 | D:2      | Reached skill level 1 in Polearms
  1512 | D:2      | Reached skill level 1 in Staves
  1512 | D:2      | Reached skill level 1 in Ranged Weapons
  1512 | D:2      | Reached skill level 1 in Throwing
  1512 | D:2      | Reached skill level 1 in Armour
  1512 | D:2      | Reached skill level 1 in Shields
  1512 | D:2      | Reached skill level 1 in Unarmed Combat
  1512 | D:2      | Reached skill level 1 in Evocations
  1680 | D:2      | Reached XP level 4. HP: 28/32 MP: 11/11
  1814 | D:2      | Noticed Terence
  1822 | D:2      | Learned a level 3 spell: Inner Flame
  1846 | D:2      | Killed Terence
  1847 | D:2      | Reached skill level 1 in Hexes
  1847 | D:2      | Reached skill level 1 in Summonings
  1847 | D:2      | Reached skill level 1 in Necromancy
  1847 | D:2      | Reached skill level 1 in Translocations
  1847 | D:2      | Reached skill level 1 in Transmutations
  1847 | D:2      | Reached skill level 1 in Ice Magic
  1847 | D:2      | Reached skill level 1 in Air Magic
  1847 | D:2      | Reached skill level 1 in Earth Magic
  1847 | D:2      | Reached skill level 1 in Poison Magic
  2421 | D:3      | Found a faded altar of an unknown god.
  2440 | D:3      | Reached XP level 5. HP: 37/37 MP: 12/12
  2683 | D:3      | Found a glowing drain.
  2688 | Sewer    | Entered a sewer
  2748 | Sewer    | Noticed a kobold brigand
  2763 | Sewer    | Killed a kobold brigand
  2764 | Sewer    | Reached skill level 5 in Dodging
  2764 | Sewer    | Reached XP level 6. HP: 31/44 MP: 10/14
  2887 | Sewer    | Found a white marble altar of Elyvilon.
  3485 | D:4      | Identified the +1 leather armour of Voddeciu {rN+ rCorr
                  | MP+9 Str+2 Stlth-}
  3966 | D:4      | Reached XP level 7. HP: 43/50 MP: 15/15
  4234 | D:5      | Entered Level 5 of the Dungeon
  4274 | D:5      | Reached skill level 5 in Stealth
  4638 | D:5      | Reached XP level 8. HP: 26/58 MP: 16/16
  4986 | D:5      | Reached skill level 6 in Spellcasting
  5015 | D:5      | Found an ancient bone altar of Kikubaaqudgha.
  5015 | D:5      | Found a glowing silver altar of Zin.
  6012 | D:6      | Reached XP level 9. HP: 57/65 MP: 18/18
  7144 | D:7      | Found a staircase to the Ecumenical Temple.
  7173 | D:7      | Noticed Joseph
  7187 | D:7      | Killed Joseph
  7188 | D:7      | Reached skill level 5 in Invocations
  7398 | D:7      | Reached skill level 7 in Spellcasting
  7875 | D:7      | Reached skill level 5 in Fighting
  7875 | D:7      | Reached skill level 5 in Short Blades
  7875 | D:7      | Reached skill level 5 in Long Blades
  7875 | D:7      | Reached skill level 5 in Axes
  7875 | D:7      | Reached skill level 5 in Maces & Flails
  7875 | D:7      | Reached skill level 5 in Polearms
  7875 | D:7      | Reached skill level 5 in Staves
  7875 | D:7      | Reached skill level 5 in Ranged Weapons
  7875 | D:7      | Reached skill level 5 in Throwing
  7875 | D:7      | Reached skill level 5 in Armour
  7875 | D:7      | Reached skill level 5 in Shields
  7875 | D:7      | Reached skill level 5 in Unarmed Combat
  7875 | D:7      | Reached skill level 5 in Evocations
  7875 | D:7      | Reached XP level 10. HP: 74/74 MP: 20/20
  7878 | D:7      | Found a large runed translucent door.
  7879 | D:7      | Found a large runed translucent door.
  8058 | Temple   | Entered the Ecumenical Temple
  8071 | Temple   | Became a worshipper of Hepliaklqana the Forgotten
  8114 | D:7      | Noticed a two-headed ogre
  8121 | D:7      | Killed a two-headed ogre
  8122 | D:7      | Reached skill level 5 in Conjurations
  8154 | D:7      | Found a snail-covered altar of Cheibriados.
  8157 | D:7      | Found an opulent altar of Gozag.
  8255 | D:9      | Noticed Psyche
  8255 | D:9      | Noticed a boulder beetle
  8638 | D:8      | Noticed wingedge's ghost (novice HuHW)
  8641 | D:8      | Found a transporter.
  8643 | D:8      | Found a transporter.
  8643 | D:8      | Identified the +6 dire flail "Qefuw" {drain, Fly rPois}
  8643 | D:8      | Noticed a two-headed ogre
  8667 | D:8      | Found a staircase to the Lair.
  9278 | D:8      | Reached * piety under Hepliaklqana
  9460 | D:8      | Reached skill level 5 in Hexes
  9460 | D:8      | Reached skill level 5 in Summonings
  9460 | D:8      | Reached skill level 5 in Necromancy
  9460 | D:8      | Reached skill level 5 in Translocations
  9460 | D:8      | Reached skill level 5 in Transmutations
  9460 | D:8      | Reached skill level 5 in Ice Magic
  9460 | D:8      | Reached skill level 5 in Air Magic
  9460 | D:8      | Reached skill level 5 in Earth Magic
  9460 | D:8      | Reached skill level 5 in Poison Magic
  9663 | D:8      | Reached XP level 11. HP: 72/72 MP: 22/22
  9915 | Lair:1   | Entered Level 1 of the Lair of Beasts
  9994 | Lair:1   | Reached skill level 8 in Spellcasting
 10277 | Lair:1   | Slain by a yak

Illustrated notes

Levels and vault maps discovered:
D:1:      denvon_arrival_planthouse, layout_rooms
D:2:      layout_basic, minmay_pentomino_p4, uniq_crazy_yiuf_cottage,
          uniq_terence
D:3:      layout_basic, lightli_sewer_entry_pipes,
          hellmonk_ecumenical_altar_slurped_away, minmay_misc_feat_rows
D:4:      layout_basic, columned_hall_lemuel
D:5:      layout_loops_cross, gammafunk_temple_overflow_elements,
          kennysheep_generic_room_4
D:6:      minmay_octagon_keep, layout_loops_ring
D:7:      layout_loops_corners, jmf_multi_god_temple2, temple_doors_cd,
          uniq_joseph
D:8:      layout_basic, david_lair_shrubbed, gammafunk_ghost_smash
D:9:      layout_rooms, orc_0_dummy, serial_shops, shop, uniq_psyche
Temple:   sentei_temple_godly_chess
Lair:1:   layout_gridlike

Skill      XL: |  1  2  3  4  5  6  7  8  9 10 11 |
---------------+----------------------------------+-----
Conjurations   | 2 3 4 5 |  5.7
Spellcasting   | 5 6 7 8 |  8.1
Invocations    | 1 2 3 4 5 6 |  6.9
Fighting       | 1 2 3 5 6 |  6.3
Short Blades   | 1 2 3 5 6 |  6.3
Long Blades    | 1 2 3 5 6 |  6.3
Axes           | 1 2 3 5 6 |  6.3
Maces & Flails | 1 2 3 5 6 |  6.3
Polearms       | 1 2 3 5 6 |  6.3
Staves         | 1 2 3 5 6 |  6.3
Ranged Weapons | 1 2 3 5 6 |  6.3
Throwing       | 1 2 3 5 6 |  6.3
Armour         | 1 2 3 5 6 |  6.3
Shields        | 1 2 3 5 6 |  6.3
Unarmed Combat | 1 2 3 5 6 |  6.3
Evocations     | 1 2 3 5 6 |  6.3
Hexes          | 1 2 3 4 5 |  5.2
Summonings     | 1 2 3 4 5 |  5.2
Necromancy     | 1 2 3 4 5 |  5.2
Translocations | 1 2 3 4 5 |  5.2
Transmutations | 1 2 3 4 5 |  5.2
Ice Magic      | 1 2 3 4 5 |  5.2
Air Magic      | 1 2 3 4 5 |  5.2
Earth Magic    | 1 2 3 4 5 |  5.2
Poison Magic   | 1 2 3 4 5 |  5.2
Dodging        | 5 6 7 |  7.9
Stealth        | 5 6 7 |  7.6
Fire Magic     | 6 7 |  7.6

Action                   |  1- 3 |  4- 6 |  7- 9 | 10-12 || total
-------------------------+-------+-------+-------+-------++-------
Melee: Short sword       |    10 |    86 |   125 |    78 ||   299
       Bite              |     1 |     4 |    12 |    11 ||    28
       Dagger            |     1 |       |       |       ||     1
       Punch             |       |       |     4 |     7 ||    11
 Cast: Foxfire           |    91 |    46 |   110 |   102 ||   349
       Inner Flame       |       |     1 |     5 |    15 ||    21
  Use: Scroll            |       |     7 |     4 |       ||    11
 Stab: Sleeping          |     2 |     3 |     6 |       ||    11
       Distracted        |       |       |     2 |     1 ||     3
Armor: Robe              |       |    16 |       |       ||    16
       Leather armour    |       |     2 |    31 |    12 ||    45
Dodge: Dodged            |     6 |    75 |    88 |    67 ||   236
